 Dungeon Crawl Stone Soup version 0.29-a0-575-g0dc89cf053 (webtiles) character file.

Game seed: 9187923463625164245

86 DocClef the Covert (level 4, -1/38 (41) HPs)
             Began as a Gnoll Delver on June 12, 2022.
             Slain by a necrophage (5 damage)
             ... on level 5 of the Dungeon.
             The game lasted 00:00:21 (427 turns).

DocClef the Covert (Gnoll Delver)                    Turns: 427, Time: 00:00:21

HP:   -1/38 (41)    AC:  3    Str: 11    XL:     4   Next: 49%
MP:   5/5           EV: 13    Int:  9    God:
Gold: 8             SH:  0    Dex: 16    Spells: 5/5 levels left

rFire   . . .      SeeInvis .   a - +0 short sword
rCold   . . .      Faith    .   (no shield)
rNeg    . . .      Spirit   .   b - +0 leather armour
rPois   .          Reflect  .   (no helmet)
rElec   .          Harm     .   (no cloak)
rCorr   .          Rampage  .   (no gloves)
Will    .....                   (no boots)
Stlth   ++++......              (no amulet)
HPRegen 0.12/turn               (no ring)
MPRegen 0.09/turn               (no ring)

@: drained
A: fangs 1, strong nose, distributed training
a: no special abilities


You were on level 5 of the Dungeon.
You visited 1 branch of the dungeon, and saw 1 of its levels.

You collected 8 gold pieces.

Inventory:

Hand Weapons
 a - a +0 short sword (weapon)
Armour
 b - a +0 leather armour (worn)
Wands
 g - a wand of digging (3)
Scrolls
 c - a scroll of fog
 d - a scroll of magic mapping
 e - a scroll of fear
Potions
 f - a potion of haste
 h - a potion of mutation {unknown}


   Skills:
 + Level 6.6 Fighting
 + Level 4.6 Short Blades
 + Level 1.1 Long Blades
 + Level 1.1 Axes
 + Level 1.1 Maces & Flails
 + Level 1.1 Polearms
 + Level 1.1 Staves
 + Level 1.1 Slings
 + Level 1.1 Bows
 + Level 1.1 Crossbows
 + Level 1.1 Throwing
 + Level 1.1 Armour
 + Level 4.6 Dodging
 + Level 9.6 Stealth
 + Level 1.1 Shields
 + Level 1.1 Unarmed Combat
 + Level 1.1 Spellcasting
 + Level 0.9 Conjurations
 + Level 0.9 Hexes
 + Level 0.9 Summonings
 + Level 0.9 Necromancy
 + Level 0.9 Translocations
 + Level 0.9 Transmutations
 + Level 0.9 Fire Magic
 + Level 0.9 Ice Magic
 + Level 0.9 Air Magic
 + Level 0.9 Earth Magic
 + Level 0.9 Poison Magic
 + Level 1.2 Invocations
 + Level 1.1 Evocations


You had 5 spell levels left.
You didn't know any spells.
Your spell library was empty.

Dungeon Overview and Level Annotations

Branches:
Dungeon (5/15)
 Temple: D:4-7

Altars:
Vehumet

Annotations:
D:5 exclusion: statue


Innate Abilities, Weirdness & Mutations

You have very sharp teeth.
Your uncanny sense of smell can sniff out nearby items.
Your experience applies equally to all skills.


Message History

You hit the orc.
The orc is moderately wounded.
You hit the orc but do no damage.
The orc is moderately wounded.
The orc hits you with a +0 club. The necrophage barely misses you.
You hit the necrophage but do no damage.
You bite the necrophage.
The necrophage is lightly damaged.
The orc hits you but does no damage. The necrophage misses you.
You hit the necrophage. Your bite misses the necrophage.
The necrophage is lightly damaged.
The orc misses you. The necrophage hits you!
You feel drained.
You hit the necrophage.
The necrophage is moderately damaged.
The orc closely misses you. The necrophage hits you.
You feel drained.
You barely miss the necrophage.
The necrophage is moderately damaged.
The orc barely misses you. The necrophage barely misses you.
You hit the necrophage. Your bite misses the necrophage.
The necrophage is moderately damaged.
The necrophage barely misses you. The orc hits you with a +0 club.
You closely miss the necrophage. You bite the necrophage.
The necrophage is heavily damaged.
The orc hits you with a +0 club.
* * * LOW HITPOINT WARNING * * *
The necrophage hits you.
* * * LOW HITPOINT WARNING * * *
You hit the necrophage.
The necrophage is heavily damaged.
You hit the necrophage.
The necrophage is heavily damaged.
The necrophage closely misses you. The orc misses you.
You barely miss the necrophage. Your bite misses the necrophage.
The necrophage is heavily damaged.
The orc hits you with a +0 club.
* * * LOW HITPOINT WARNING * * *
The necrophage closely misses you. The orc attacks as you move away!
The orc barely misses you. The necrophage hits you.
You die...

#...#.##.#.# ##..#
#...#......# ...# #
#...#....### .#.#
#...##.##.########.#.#
#...............
####<###.####### #)#
#.# #o###.###
#n@.....# #.###.#.....
...# #$###.... #.##.#
#.# .8. #. #.# #.. ..
#. ..# ### . . #.. #.
∆


You could see a necrophage and an orc.

Vanquished Creatures
  A phantom (D:5)
  A shadow imp (D:5)
  3 orcs (D:5)
5 creatures vanquished.

Notes
Turn   | Place    | Note
-------+----------+-------------------------------------------
     0 | D:5      | Reached skill level 9 in Stealth
     0 | D:5      | DocClef the Gnoll Delver began the quest for the Orb.
     0 | D:5      | Reached XP level 1. HP: 23/23 MP: 1/1
    72 | D:5      | Noticed a phantom
   105 | D:5      | Killed a phantom
   106 | D:5      | Reached skill level 1 in Long Blades
   106 | D:5      | Reached skill level 1 in Axes
   106 | D:5      | Reached skill level 1 in Maces & Flails
   106 | D:5      | Reached skill level 1 in Polearms
   106 | D:5      | Reached skill level 1 in Staves
   106 | D:5      | Reached skill level 1 in Slings
   106 | D:5      | Reached skill level 1 in Bows
   106 | D:5      | Reached skill level 1 in Crossbows
   106 | D:5      | Reached skill level 1 in Throwing
   106 | D:5      | Reached skill level 1 in Armour
   106 | D:5      | Reached skill level 1 in Shields
   106 | D:5      | Reached skill level 1 in Unarmed Combat
   106 | D:5      | Reached skill level 1 in Spellcasting
   106 | D:5      | Reached skill level 1 in Invocations
   106 | D:5      | Reached skill level 1 in Evocations
   106 | D:5      | Reached XP level 2. HP: 7/29 MP: 1/3
   106 | D:5      | Reached XP level 3. HP: 9/35 MP: 1/4
   106 | D:5      | Reached XP level 4. HP: 11/41 MP: 1/5
   403 | D:5      | Found a radiant altar of Vehumet.
   403 | D:5      | Noticed a frost-covered statue
   410 | D:5      | Noticed a necrophage
   427 | D:5      | Slain by a necrophage

Illustrated notes

Levels and vault maps discovered:
D:5:      layout_loops_ring, nicolae_uskayaw_dance_hall, vehumet_statue

Skill      XL: |  1 |
---------------+----+-----
Stealth        | |  9.6
Long Blades    | 1 |  1.1
Axes           | 1 |  1.1
Maces & Flails | 1 |  1.1
Polearms       | 1 |  1.1
Staves         | 1 |  1.1
Slings         | 1 |  1.1
Bows           | 1 |  1.1
Crossbows      | 1 |  1.1
Throwing       | 1 |  1.1
Armour         | 1 |  1.1
Shields        | 1 |  1.1
Unarmed Combat | 1 |  1.1
Spellcasting   | 1 |  1.1
Invocations    | 1 |  1.2
Evocations     | 1 |  1.1
Fighting       | |  6.6
Short Blades   | |  4.6
Dodging        | |  4.6
Conjurations   | |  0.9
Hexes          | |  0.9
Summonings     | |  0.9
Necromancy     | |  0.9
Translocations | |  0.9
Transmutations | |  0.9
Fire Magic     | |  0.9
Ice Magic      | |  0.9
Air Magic      | |  0.9
Earth Magic    | |  0.9
Poison Magic   | |  0.9

Action                   |  1- 3 |  4- 6 || total
-------------------------+-------+-------++-------
Melee: Short sword       |    28 |    29 ||    57
       Bite              |     1 |     5 ||     6
Armor: Leather armour    |     3 |     2 ||     5
Dodge: Dodged            |    12 |    20 ||    32

Table legend: (Time is in decaauts)
 A = Elapsed time spent in this place.
 B = Non-inter-level travel time spent in this place.
 C = Inter-level travel time spent in this place.
 D = Time resting spent in this place.
 E = Time spent auto-exploring this place.
 F = Levels seen in this place.
 G = Mean time per level.
                   A        B        C        D        E       F      G
               +--------+--------+--------+--------+--------+-----+--------+
         Total |    419 |    419 |      0 |      0 |    344 |   1 |  419.0 |
       Dungeon |    419 |    419 |      0 |      0 |    344 |   1 |  419.0 |
               +--------+--------+--------+--------+--------+-----+--------+

Top non-repeatable levels by time:
     D:5: 419 daAuts
